AoeStats
← DS_CuervoNegro

Arabia

510561432Analyzed
1v1 RM · 1d ago on Oct 1, 2026· 53m 22s· 2 players
Game mode
Random Map
Map size
Tiny (2 player)
Population
200
Speed
Normal
Resources
Standard
Victory
Conquest
Starting age
Dark Age
Ending age
Imperial Age
RankedLock teamsTeams togetherTeam positionsShared explorationLock speedFull tech treeHidden civsTurbo modeCheats
Victory
Defeat
🇨🇳 Chinese · China
853
+15
🇦🇷 Berbers · Argentina
836
-15
DS_CuervoNegro
8:08 Loom
9:55 Feudal Age
10:54 Double-Bit Axe
10:51 Horse Collar
20:09 Bloodlines
23:07 Wheelbarrow
24:49 Castle Age
23:03 Scale Barding Armor
23:08 Forging
26:33 Husbandry
26:56 Chain Barding Armor
27:13 Iron Casting
39:13 Hand Cart
38:43 Town Watch
42:56 Imperial Age
44:53 Plate Barding Armor
45:18 Blast Furnace
45:02 Cavalier
45:48 Onager
48:03 Fletching
280897526
0:39 Loom
9:47 Feudal Age
10:31 Double-Bit Axe
10:29 Horse Collar
15:38 Wheelbarrow
17:43 Gold Mining
21:52 Castle Age
22:09 Castle Age
21:47 Fletching
22:15 Town Watch
22:59 Thumb Ring
23:08 Bow Saw
23:36 Gold Shaft Mining
23:50 Heavy Plow
24:20 Bodkin Arrow
24:56 Padded Archer Armor
26:04 Leather Archer Armor
27:21 Crossbowman
29:38 Hand Cart
29:50 Stone Mining
31:44 Stone Shaft Mining
33:23 Town Patrol
34:16 Ballistics
34:27 Fervor
37:02 Masonry
41:32 Imperial Age
41:41 Sanctity
41:17 Herbal Medicine
41:37 Arbalester
41:37 Elite Skirmisher
42:20 Bracer
43:19 Ring Archer Armor
44:50 Chemistry
44:17 Block Printing
45:23 Two-Man Saw
45:18 Devotion
47:43 Architecture
50:55 Conscription
50:37 Great Wall
50:08 Sappers
52:28 Murder Holes
Connection lost

Rejoining the realm…

Still unreachable

The connection could not be restored.

Session expired

The server has moved on; the page needs a fresh start.